 Dungeon Crawl Stone Soup version 0.28.0 (webtiles) character file.

Game seed: 6778414520827675716

109 vvl the Stinger (level 4, -1/32 HPs)
             Began as a Demonspawn Venom Mage on Feb 4, 2022.
             Killed by nerve-wracking pain
             ... invoked by Grinder
              (14 damage)
             ... on level 3 of the Dungeon.
             The game lasted 00:05:20 (3227 turns).

vvl the Stinger (Demonspawn Venom Mage)             Turns: 3227, Time: 00:05:21

Health: -1/32      AC:  2    Str:  8    XL:     4   Next: 59%
Magic:  3/7        EV: 12    Int: 18    God:
Gold:   114        SH:  0    Dex: 14    Spells: 3/8 levels left

rFire   . . .      SeeInvis .   (no weapon)
rCold   . . .      Faith    .   (no shield)
rNeg    . . .      Spirit   .   a - +0 robe
rPois   .          Reflect  .   (no helmet)
rElec   .          Harm     .   (no cloak)
rCorr   .          Rampage  .   (no gloves)
Will    .....                   (no boots)
Stlth   ++........              (no amulet)
HPRegen 1.10/turn               (no ring)
MPRegen 0.10/turn               (no ring)

@: no status effects
A: powered by death 1, spiny 1
a: no special abilities


You were on level 3 of the Dungeon.
You visited 1 branch of the dungeon, and saw 3 of its levels.

You collected 114 gold pieces.

Inventory:

Armour
 a - a +0 robe (worn)
Magical Staves
 i - a staff of fire
Scrolls
 b - a scroll of teleportation {unknown}
 e - a scroll of noise {unknown}
 h - a scroll of fog {unknown}
Potions
 c - a potion of lignification {unknown}
 d - 2 potions of might {unknown}
 f - 2 potions of brilliance {unknown}
 g - a potion of attraction {unknown}


   Skills:
 + Level 1.5 Fighting
 - Level 2.0 Dodging
 - Level 2.0 Stealth
 + Level 2.6 Spellcasting
 + Level 1.7 Transmutations
 * Level 4.0 Poison Magic


You had 3 spell levels left.
You knew the following spells:

 Your Spells              Type           Power      Damage    Failure   Level
a - Sting                 Tmut/Pois      48%        1d5       4%          1
b - Olgreb's Toxic Radia  Pois           17%        N/A       32%         4

Your spell library contained the following spells:

 Spells                   Type           Power      Damage    Failure   Level
 Poisonous Vapours        Pois/Air       18%        N/A       11%         2
 Mephitic Cloud           Conj/Pois/Air  7%         N/A       28%         3


Dungeon Overview and Level Annotations

Branches:
Dungeon (3/15)

Altars:

Annotations:
D:3 Grinder


Innate Abilities, Weirdness & Mutations

You regenerate a little health from kills.
You are partially covered in sharp spines.


Message History

Things that are here:
a +0 whip; 3 poisoned darts; a giant cockroach corpse You now have 114 gold pieces (gained 14).
Grinder comes into view.
Grinder is nearby!
Grinder is nearby!
Grinder is nearby!
Grinder is nearby!
Grinder is nearby!
Grinder shouts!
The sting hits Grinder.
Grinder partially resists.
Grinder is lightly wounded.
The sting hits Grinder but does no damage.
Grinder is poisoned.
Grinder is lightly wounded.
An orc comes into view. It is wielding a +0 hand axe.
The sting hits Grinder.
Grinder partially resists.
Grinder is lightly wounded.
The orc shouts!
Grinder gestures at you. Pain shoots through your body!
The sting hits Grinder.
Grinder partially resists.
Grinder looks even sicker.
Grinder is lightly wounded.
Grinder hits you.
You writhe in agony.
You are too injured to fight recklessly!
A rat comes into view.
Casting: Sting (safe; 5% risk of failure)
Confirm with . or Enter, or press ? or * to list all spells.
Aiming: Sting (safe; 5% risk of failure)
Press: ? - help, Shift-Dir - straight line, f/p - Grinder
Aim: Grinder (lightly wounded, poisoned, 68% to hit)
The sting misses Grinder.
The sting hits the orc.
The orc is poisoned.
The orc is heavily wounded.
Grinder is struck by your spines. Grinder barely misses you.
Grinder is struck by your spines. Grinder barely misses you.
Grinder looks more healthy.
You kill the orc!
Grinder gestures at you. Pain shoots through your body!
You die...

#.......#
#.##)#### #r##.#
#.##.# ! #.##.#
...
#.##5##.###.....
#...............
#####...###.....
#@### ..$ #.# .
#.# #.# #.#
#.##########
#..........#
##########.# #.#


You could see Grinder and a rat.

Vanquished Creatures
  4 adders (D:2)
  2 gnolls (D:1)
  A worm (D:2)
  2 dart slugs (D:2)
  An orc (D:3)
  2 ball pythons
  7 endoplasms
  2 giant cockroaches
  2 goblins
  4 hobgoblins
  3 kobolds
  4 quokkas
  6 bats
  A frilled lizard (D:2)
  2 rats (D:2)
43 creatures vanquished.

Notes
Turn   | Place    | Note
-------+----------+-------------------------------------------
     0 | D:1      | vvl the Demonspawn Venom Mage began the quest for the Orb.
     0 | D:1      | Reached XP level 1. HP: 13/13 MP: 3/3
   203 | D:1      | Reached skill level 1 in Transmutations
   528 | D:1      | Gained mutation: You regenerate a little health from kills.
                  | [demonic ancestry]
   528 | D:1      | Reached XP level 2. HP: 19/19 MP: 3/5
  1248 | D:1      | Gained mutation: You are partially covered in sharp spines.
                  | [demonic ancestry]
  1248 | D:1      | Reached XP level 3. HP: 23/25 MP: 0/6
  1392 | D:1      | Reached skill level 1 in Fighting
  2102 | D:2      | Reached XP level 4. HP: 32/32 MP: 2/7
  2395 | D:2      | Found a faded altar of an unknown god.
  2419 | D:2      | Learned a level 4 spell: Olgreb's Toxic Radiance
  2460 | D:2      | Reached skill level 4 in Poison Magic
  3208 | D:3      | Noticed Grinder
  3227 | D:3      | Killed from afar by Grinder

Illustrated notes

Levels and vault maps discovered:
D:1:      scummos_arrival_hexagon, layout_basic, chequers_serial_rivers_small_3
D:2:      layout_loops_ring, serial_rivers, chequers_serial_rivers_micro_c,
          chequers_serial_rivers_micro_a, chequers_serial_rivers_small_b,
          chequers_serial_rivers_micro_a, basic_ecumenical_altar
D:3:      layout_loops_ring, uniq_grinder, uniq_pargi, uniq_sigmund

Skill      XL: |  1  2  3  4 |
---------------+-------------+-----
Transmutations | 1 |  1.7
Stealth        | 2 |  2.0
Dodging        | 2 |  2.0
Fighting       | 1 |  1.5
Poison Magic   | 4 |  4.0
Spellcasting   | |  2.6

Action                   |  1- 3 |  4- 6 || total
-------------------------+-------+-------++-------
Melee: Unarmed           |    24 |     9 ||    33
 Cast: Sting             |    64 |    20 ||    84
Armor: Robe              |    12 |     1 ||    13
Dodge: Dodged            |    35 |    10 ||    45
